[Event "Early-Titled-Tuesday-Blitz-November-28-2023"]
[Site "Chess.com"]
[Date "2023.11.28"]
[Round "2"]
[White "WPWPWP-2015"]
[Black "KorolDimitriy75"]
[Result "1-0"]
[WhiteElo "2526"]
[BlackElo "2327"]
[TimeControl "180+1"]
[EndTime "8:19:00 PST"]
[Termination "WPWPWP-2015 won on time"]

1. e4 c5 2. Nf3 d6 3. d4 cxd4 4. Nxd4 Nf6 5. Nc3 g6 6. Be3 Bg7 7. f3 O-O 8. Qd2 Nc6 9. Bc4 Bd7 10. O-O-O Qa5 11. Kb1 Rfc8 12. Bb3 Ne5 13. Nd5 Qxd2 14.
Rxd2 Nxd5 15. exd5 Nc4 16. Bxc4 Rxc4 17. Re1 Rac8 18. c3 Bf6 19. a3 h5 20. Ka2 Kg7 21. h3 h4 22. Bf2 b5 23. Rde2 R4c5 24. Rxe7 Bxe7 25. Rxe7 Be8 26. Ne6+ Kg8 27. Nxc5 dxc5 28. d6 Rd8 29. Bxc5 Bd7 30. a4 bxa4 31. Ka3 Be6 32. Rxa7 Rb8 33. Bb4 Rd8 34. Rxa4 Kg7 35. b3 Kf6 36. c4 g5 37. Bc3+ Kf5 38. c5 Rc8 39. b4 Kf4 40. Bd2+ Kg3 41. Bxg5 Kxg2 42. Bxh4 Kxf3 43.
Ra7 Bxh3 44. d7 Bxd7 45. Rxd7 f5 46. Kb3 f4 47. Rf7 Kg4 48. Kc4 Kxh4 49. Rxf4+ Kg5 50.
Rf1 Kg6 51. b5 Rh8 52. Rf4 Rh1 53. Kd5 Rc1 54. Kc6 Kg5 55. Rf2 Kg4 56. Rf8 Kg5 57. b6 Rb1 58. Kb7 Kg6 59. Rf2 Kg7 60. c6 Kg6 61. c7 Kg5 62. Rf8 Rc1 63. Kc8 Kg6 64. b7 Kg7 65. Rf2 Rc2 66. b8=Q Rxf2 67. Qb6 Rf8+ 68.
Kb7 Rf7 69. Qc6 Rf6 70. Qxf6+ Kxf6 71. c8=Q Ke7 72. Qc6 Kd8 73. Kb8 Ke7 74. Kc7 Kf8 75.
Qd7 Kg8 76. Kc6 Kf8 77. Kd6 Kg8 78. Ke6 Kh8 79. Kf6 1-0

[Event "Early-Titled-Tuesday-Blitz-November-28-2023"]
[Site "Chess.com"]
[Date "2023.11.28"]
[Round "2"]
[White "DDTerziev04"]
[Black "Chessbard1972"]
[Result "1-0"]
[WhiteElo "2117"]
[BlackElo "2418"]
[TimeControl "180+1"]
[EndTime "8:19:00 PST"]
[Termination "DDTerziev04 won by checkmate"]

1. d4 Nf6 2. Nf3 g6 3. c4 Bg7 4. e3 O-O 5. Be2 d6 6. Nc3 Nbd7 7. O-O e5 8. Qc2 Ne8 9. Rd1 f5 10. dxe5 dxe5 11. c5 c6 12. Bc4+ Kh8 13. e4 f4 14.
b4 a5 15. b5 Qe7 16. bxc6 bxc6 17. Na4 Rb8 18. Ba3 g5 19. Qc3 g4 20. Ne1 Nef6 21. Qc2 Nh5 22. Rd6 g3 23. Nf3 gxh2+ 24.
Kxh2 Nhf6 25. Kg1 Bb7 26. Re1 Ng4 27. Nb6 Ndf6 28. Re6 Qc7 29. Bb2 Nh5 30. Rd6 Bc8 31. Nxc8 Rbxc8 32. Be6 Nhf6 33. Bxc8 Qxc8 34. Bxe5 Qe8 35. Bxf6 Bxf6 36. e5 Be7 37. e6 Qh5 38. Qc3+ Bf6 39. Qd3 Rg8 40. Rd7 Ne5 41. Nxe5 Bxe5 42. Rxe5 Qh4 43. Qxh7+ Qxh7 44. Rxh7+ Kxh7 45. e7 Re8 46. g3 fxg3 47. fxg3 Kg6 48. Kg2 Kf6 49. Re2 a4 50. Kf3 a3 51. Kf4 Kf7 52. g4 Rxe7 53. Rxe7+ Kxe7 54. Ke5 Kd7 55. g5 Ke7 56. g6 Kf8 57. Kd6 Kg7 58. Kxc6 Kxg6 59.
Kb7 Kf5 60. c6 Ke4 61. c7 Kd3 62. c8=Q Kd4 63. Qc6 Ke5 64. Qc5+ Kf4 65. Qxa3 Ke4 66. Qb3 Ke5 67. a4 Kf4 68. a5 Kg5 69. a6 Kf6 70. a7 Ke5 71. a8=Q Kf5 72. Qc8+ Kf6 73. Qbc3+ Kg5 74. Qe5+ Kg6 75. Qce6+ Kh7 76. Qh5+ Kg7 77. Qef7# 1-0

[Event "Early-Titled-Tuesday-Blitz-November-28-2023"]
[Site "Chess.com"]
[Date "2023.11.28"]
[Round "2"]
[White "krucki03"]
[Black "C_K_G"]
[Result "1-0"]
[WhiteElo "2457"]
[BlackElo "2154"]
[TimeControl "180+1"]
[EndTime "8:19:02 PST"]
[Termination "krucki03 won by resignation"]

1. e4 c5 2. Nf3 d6 3. Bb5+ Bd7 4. Bxd7+ Qxd7 5. c4 e6 6. Nc3 a6 7. a4 Nf6 8. O-O Nc6 9. d4 cxd4 10. Nxd4 Be7 11.
b3 O-O 12. Bb2 Rac8 13. Rc1 d5 14. cxd5 exd5 15. exd5 Nxd5 16. Nxd5 Qxd5 17. Nxc6 bxc6 18. Qg4 f6 19. Rc4 Rcd8 20. Rd4 Qxb3 21. Ba1 Rxd4 22. Qxd4 c5 23. Qd7 Rf7 24. Qc8+ Bf8 25. Qxa6 Rd7 26. h4 Rd1 27. a5 c4 28. Qe6+ Kh8 29. Qe2 Rxf1+ 30. Qxf1 h6 31. a6 Bc5 32. Qc1 Qa2 33.
Bxf6 Qxf2+ 34. Kh1 Qxf6 35. Qxc4 Qd4 36. Qxd4 Bxd4 37.
g4 Kg8 38. Kg2 Kf7 39. Kf3 Ke6 40. Ke4 Ba7 41. Kf4 g6 42. Ke4 Kd6 43. h5 g5 44. Kf5 Ke7 45. Kg6 Ke6 46. Kxh6 Kf6 47. Kh7 Kf7 48. Kh8 Bd4+ 49. Kh7 Kf6 50. Kg8 Ke7 51.
h6 Kd6 52. h7 Kc6 53. a7 Kb7 54. h8=Q Bxh8 55. Kxh8 Kxa7 56. Kg7 Kb7 57. Kg6 Kc7 58.
Kxg5 Kd7 59. Kg6 Ke8 60. Kg7 Ke7 61. g5 Ke6 62. g6 Ke7 63. Kh7 Kf6 64. g7 1-0

[Event "Early-Titled-Tuesday-Blitz-November-28-2023"]
[Site "Chess.com"]
[Date "2023.11.28"]
[Round "2"]
[White "viktorskliarov"]
[Black "mishanick"]
[Result "0-1"]
[WhiteElo "2634"]
[BlackElo "3054"]
[TimeControl "180+1"]
[EndTime "8:19:04 PST"]
[Termination "mishanick won by checkmate"]

1. e4 c5 2. Nf3 d6 3. d4 cxd4 4. Qxd4 Nf6 5. Nc3 Nc6 6. Bb5 Bd7 7. Bxc6 Bxc6 8. Bg5 e6 9. O-O-O Be7 10. Rhe1 Qa5 11.
Kb1 h6 12. Bh4 g5 13. Bg3 e5 14. Qd2 b5 15. h4 b4 16. Nd5 Bxd5 17. exd5 g4 18.
Nxe5 dxe5 19. d6 O-O-O 20. Rxe5 Qb6 21. Rxe7 Nd7 22. Qd5 Qb7 23. Qc4+ Kb8 24. Qc7+ Ka8 25. Rxf7 Qb5 26. f3 gxf3 27. Bf2 Qb7 28. gxf3 Rhf8 29. Rxf8 Rxf8 30. Qxb7+ Kxb7 31. Be3 h5 32. f4 Kc6 33. b3 a5 34. Kb2 Re8 35. Bc1 Re2 36. Rd2 Re1 37. f5 Rf1 38. Rg2 Rh1 39. Bg5 Rf1 40.
f6 Kxd6 41. Rd2+ Kc6 42. Re2 Nc5 43. Re5 Kd6 44. Re2 Kd5 45. a3 Ne4 46. axb4 axb4 47. Bd2 Ng3 48. Rg2 Ne4 49. Bxb4 Rxf6 50. Re2 Rf4 51. Be1 Rg4 52. c3 Ke5 53. Kc2 Kd5 54.
b4 Kc4 55. Bf2 Nxc3 56. Be1 Nd5 57. Re5 Nf4 58. Rf5 Nd3 59. Bd2 Rg2 60. Rxh5 Nxb4+ 61. Kd1 Nd5 62. Ke1 Rh2 63. Rh8 Kd3 64. Bg5 Nc3 65. h5 Ne4 66. Bf4 Rh1# 0-1

[Event "Early-Titled-Tuesday-Blitz-November-28-2023"]
[Site "Chess.com"]
[Date "2023.11.28"]
[Round "2"]
[White "jk13"]
[Black "dropstoneDP"]
[Result "1/2-1/2"]
[WhiteElo "2621"]
[BlackElo "2968"]
[TimeControl "180+1"]
[EndTime "8:19:14 PST"]
[Termination "Game drawn - insufficient material"]

1. e4 e5 2. Nf3 Nf6 3. Nxe5 d6 4. Nf3 Nxe4 5. Qe2 Qe7 6. d3 Nf6 7. Qxe7+ Bxe7 8. d4 Bf5 9. c3 O-O 10. Bg5 Re8 11.
Nbd2 Bf8+ 12. Kd1 Nbd7 13. Bc4 h6 14. Be3 Ng4 15. Re1 a6 16. h3 Nxe3+ 17. Rxe3 Nf6 18.
Ke2 b5 19. Bb3 c5 20. Rc1 c4 21. Bc2 Bxc2 22. Rxc2 Nd5 23. Rxe8 Rxe8+ 24. Kf1 Nf4 25.
Ne1 d5 26. Ndf3 Bd6 27. h4 Re4 28. g3 Nh5 29. Ng2 Nf6 30. Re2 Rxe2 31. Kxe2 Kf8 32.
Ne3 g6 33. a3 Ke7 34. Ne5 Ke6 35. f4 h5 36. Kf3 Ne4 37. g4 hxg4+ 38. N3xg4 Be7 39.
Nh6 Nd6 40. Kg4 Bf8 41. Ng8 Ne4 42. h5 gxh5+ 43. Kxh5 f6 44. Nc6 Kf7 45. Nh6+ Bxh6 46. Kxh6 Nf2 47. Nb4 Nd3 48. Nxa6 Nxf4 49. Nc7 Nd3 50.
Nxb5 Ke6 51. a4 Kd7 52. a5 Kc6 53. a6 Nxb2 54. Kg6 Na4 55. a7 Nb6 56. Na3 Kb7 57. Kxf6 Kxa7 58. Ke6 Ka6 59. Kd6 Ka5 60. Kc6 Ka4 61. Nb5 Ka5 62. Nc7 Na4 63. Nxd5 Nb2 64. Kc5 Ka4 65. Ne3 Kb3 66. d5 Kxc3 67. d6 Nd3+ 68. Kb5 Ne5 69. Nxc4 Nxc4 70. d7 Nd6+ 71.
Kc6 Nf7 72. Kd5 Nd8 73. Kd6 Kd4 74. Ke7 Nb7 75. d8=Q+ Nxd8 1/2-1/2

[Event "Early-Titled-Tuesday-Blitz-November-28-2023"]
[Site "Chess.com"]
[Date "2023.11.28"]
[Round "2"]
[White "Nikolakis2014"]
[Black "SnekkerAndersen"]
[Result "1/2-1/2"]
[WhiteElo "2781"]
[BlackElo "2542"]
[TimeControl "180+1"]
[EndTime "8:19:14 PST"]
[Termination "Game drawn by agreement"]

1. Nf3 d5 2. d4 Nf6 3. c4 e6 4. g3 Be7 5. Bg2 O-O 6. O-O dxc4 7. Qc2 a6 8. a4 Bd7 9. Qxc4 Bc6 10. Bf4 Bd6 11. Qc1 a5 12. Nc3 Na6 13. Rd1 Nb4 14.
Ne5 Bxg2 15. Kxg2 Qe8 16. Nf3 Rd8 17. Bg5 Be7 18. e4 h6 19. Bf4 c6 20. Bc7 Ra8 21. Qf4 Qc8 22. Be5 Nd7 23. h4 Nxe5 24. Nxe5 Bd6 25. Qg4 Qc7 26. Nc4 Rad8 27. Qf3 Be7 28.
Rd2 Bf6 29. Rad1 Rd7 30. e5 Be7 31. Ne4 c5 32. dxc5 Rxd2 33. Ncxd2 Bxc5 34. Rc1 b6 35.
Nxc5 bxc5 36. Ne4 Qxe5 37. Rxc5 Qxb2 38. Rxa5 Nd5 39. Rb5 Qa2 40. Qb3 Qxb3 41. Rxb3 Ra8 42. Nd6 Rxa4 43. Rb8+ Kh7 44. Nxf7 Nf6 45. Rb6 Re4 46.
Kf3 Re1 47. g4 Kg6 48. Nh8+ Kh7 49. Nf7 Kg6 50. Rb7 Nd5 51. Kg3 Kf6 52. g5+ hxg5 53.
hxg5+ Kf5 54. Nd6+ Kxg5 55. Rxg7+ Kf6 56. Rf7+ Ke5 57. Nc4+ Kd4 58. Nd6 Rg1+ 59. Kh2 Rg4 60. f3 Rg8 61. Kh3 Ke3 62. Nc4+ Ke2 63. Ne5 Ke3 64.
Ng4+ Kd4 65. Kg3 Re8 66. Kf2 e5 67. Rd7 e4 68. Nf6 e3+ 69. Ke2 Re5 70. f4 Rf5 71. Nxd5 Rxd5 72. Rxd5+ Kxd5 73. Kxe3 Ke6 74. Ke4 Kf6 1/2-1/2

[Event "Early-Titled-Tuesday-Blitz-November-28-2023"]
[Site "Chess.com"]
[Date "2023.11.28"]
[Round "2"]
[White "OK97"]
[Black "themind1hunter"]
[Result "1-0"]
[WhiteElo "2783"]
[BlackElo "2530"]
[TimeControl "180+1"]
[EndTime "8:19:18 PST"]
[Termination "OK97 won on time"]

1. e4 c5 2. Nc3 d6 3. Bb5+ Bd7 4. Be2 Nf6 5. Nf3 e5 6. Bc4 Be7 7. d3 O-O 8. Bg5 Nc6 9. a4 Nd4 10. Nd2 Be6 11. Bxf6 Bxf6 12. Nd5 Bg5 13. c3 Nc6 14.
Nf1 Kh8 15. Nfe3 Ne7 16. O-O Nxd5 17. Nxd5 Rc8 18. a5 f5 19. exf5 Bxf5 20. Qb3 Qd7 21.
Ne3 Bxe3 22. fxe3 e4 23. dxe4 Bxe4 24. Be6 Qe7 25. Bxc8 Rxc8 26. Qf7 Qd8 27. Rf4 Bg6 28. Qxb7 Qe8 29. Qf3 Bd3 30. e4 c4 31. b4 h6 32. h3 Kh7 33. Qg4 Rb8 34. Qf5+ Kh8 35. Qd5 Rd8 36. Ra2 Qe5 37. Raf2 Kh7 38. Qxe5 dxe5 39.
Rf5 Re8 40. Rf7 a6 41. Rf8 Re6 42. Rc8 Rd6 43. Rc5 Bxe4 44. Rxe5 Bd3 45. Rc5 Re6 46. Rc7 Rg6 47. Kh2 h5 48. Rf4 Kh6 49. Rfxc4 Bxc4 50. Rxc4 Rf6 51. Rc5 Rf2 52. c4 g6 53. Rc6 Rb2 54. Rb6 Rc2 55. c5 Rc4 56. Kg3 Kg5 57. Kf3 h4 58. Kf2 Kf5 59. c6 g5 60. Rxa6 Rxb4 61. c7 Rc4 62. Ra7 Kf4 63. Ke2 Rc2+ 64. Kd3 Rc1 65. Kd2 Rc5 66. a6 Kg3 67. Rb7 Kxg2 68. a7 Rd5+ 69. Ke3 1-0

[Event "Early-Titled-Tuesday-Blitz-November-28-2023"]
[Site "Chess.com"]
[Date "2023.11.28"]
[Round "2"]
[White "FARIZA2018"]
[Black "suyu28"]
[Result "0-1"]
[WhiteElo "2522"]
[BlackElo "2743"]
[TimeControl "180+1"]
[EndTime "8:19:18 PST"]
[Termination "suyu28 won by resignation"]

1. e4 c6 2. d4 d5 3. Nc3 dxe4 4.
Nxe4 Nd7 5. Ng5 Ngf6 6. Bd3 e6 7. N1f3 h6 8. Nxe6 Qe7 9. O-O fxe6 10. Bg6+ Kd8 11.
Bf4 Nd5 12. Bg3 b5 13. Qd2 Bb7 14. Qa5+ N7b6 15. Bh4 Nf6 16. Ne5 Kc8 17. Qc3 Qc7 18. Qh3 Kb8 19. Nf7 Qd7 20. Bg3+ Kc8 21. Nxh8 Bd6 22. Nf7 Bxg3 23. fxg3 Nbd5 24. Rae1 Nc7 25. c3 c5 26. dxc5 Bd5 27. Ne5 Qe7 28. Bd3 Qxc5+ 29. Kh1 Kb7 30. Nf3 Re8 31. Qh4 a6 32. Re5 Nd7 33.
Ree1 Rf8 34. Qd4 g5 35. Qxc5 Nxc5 36. Bb1 Na4 37. b3 Nxc3 38. Bd3 Nxa2 39. b4 Nxb4 40. Bb1 a5 41. Nd4 Rxf1+ 42. Rxf1 a4 43. Rf2 a3 44. h4 a2 45. Bxa2 Nxa2 46. hxg5 hxg5 47. Rb2 Nc3 48. Nf3 Bxf3 49. gxf3 Kc6 50. Kg2 Kc5 51. f4 g4 52.
Kf2 b4 53. Ke3 Kc4 54. Kd2 N7d5 55. Rc2 b3 56. Rb2 Ne4+ 57. Kd1 Kc3 58. Kc1 Nc5 59.
Rg2 Nd3+ 60. Kb1 Kd4 61. Rd2 Nc3+ 62. Ka1 b2+ 0-1

[Event "Early-Titled-Tuesday-Blitz-November-28-2023"]
[Site "Chess.com"]
[Date "2023.11.28"]
[Round "2"]
[White "rynos0411"]
[Black "liczner"]
[Result "1/2-1/2"]
[WhiteElo "2512"]
[BlackElo "2890"]
[TimeControl "180+1"]
[EndTime "8:19:25 PST"]
[Termination "Game drawn by repetition"]

1. d4 Nf6 2. c4 g6 3. Nc3 d5 4. cxd5 Nxd5 5. Na4 Bg7 6. e4 Nb6 7. Be3 O-O 8. Nf3 Bg4 9. Be2 Nc6 10. d5 Nxa4 11.
Qxa4 Bxb2 12. Rb1 Bc3+ 13. Kf1 Nb8 14. Rxb7 Nd7 15. h3 Bxf3 16. gxf3 Bg7 17. Rxa7 Rxa7 18. Qxa7 f5 19. Kg2 fxe4 20. fxe4 Be5 21. Bg4 Kh8 22. Bd4 Bxd4 23. Qxd4+ Nf6 24. Qe5 Qd6 25. Qc3 Ra8 26. Ra1 Ra3 27. Qb2 h5 28. Be6 Qa6 29. Qb8+ Kg7 30. Qxc7 Qa7 31. Qxa7 Rxa7 32. e5 Ne4 33. a4 Nc5 34. a5 Nb3 35. Rb1 Nxa5 36. Ra1 g5 37. h4 gxh4 38. Kh3 Kh6 39. Kxh4 Nc6 40. Rxa7 Nxa7 41. Bf7 Nb5 42. Bxh5 Nd4 43. Bd1 Nf5+ 44.
Kg4 Nd4 45. Kf4 Kg7 46. Ke4 Nb5 47. Bb3 Kf8 48. f4 Nc3+ 49. Kd4 Ne2+ 50. Ke3 Ng3 51. Bc2 Nf1+ 52. Kd4 Nd2 53. f5 Nf3+ 54. Ke4 Nd2+ 55. Ke3 Nc4+ 56. Kd4 Nd2 57. Kc5 Nf3 58. e6 Ng5 59. d6 Ke8 60. dxe7 Kxe7 61. Kd4 Nh7 62. Ke5 Nf6 63. Bd3 Ng4+ 64. Kf4 Nf6 65. Be2 Nd5+ 66. Ke5 Nf6 67. Bf3 Ne8 68. Bh5 Nf6 69. Bf3 Ng8 70. Bc6 Nf6 71. Bf3 1/2-1/2

[Event "Early-Titled-Tuesday-Blitz-November-28-2023"]
[Site "Chess.com"]
[Date "2023.11.28"]
[Round "2"]
[White "doublesik"]
[Black "GMKrikor"]
[Result "0-1"]
[WhiteElo "2533"]
[BlackElo "2786"]
[TimeControl "180+1"]
[EndTime "8:19:27 PST"]
[Termination "GMKrikor won by resignation"]

1. d4 Nf6 2. c4 g6 3. Nc3 d5 4. cxd5 Nxd5 5. e4 Nxc3 6. bxc3 Bg7 7. Bc4 c5 8. Ne2 O-O 9. O-O Nc6 10. Be3 Bg4 11. f3 Bd7 12. Qd2 Qa5 13. dxc5 Rad8 14. Qb2 Qc7 15. Rfd1 Na5 16. Bb5 Bc8 17. Bd4 e5 18.
Bf2 Be6 19. Qb4 Rxd1+ 20. Rxd1 Rc8 21. Nc1 Bf8 22. Nd3 f6 23. Ba4 Bxa2 24. Bc2 Bc4 25. Ra1 Bxd3 26. Bxd3 Nc6 27. Qb3+ Kg7 28. Rb1 Nd8 29.
Rd1 Bxc5 30. Bb5 Bxf2+ 31. Kxf2 Nc6 32. Qe6 Rd8 33. Rxd8 Nxd8 34. Qd5 Nc6 35. Bc4 Kh6 36. h4 Qe7 37. Qg8 Qg7 38. Qd5 Qf8 39. Qd2+ Kg7 40. Qd7+ Qe7 41. Qd5 Qf8 42. Qd7+ Qe7 43. Qd5 Nd8 44.
Qg8+ Kh6 45. g4 g5 46. hxg5+ fxg5 47. Qd5 Kg7 48. Kg3 a6 49. Bb3 Kh6 50. c4 Nc6 51. c5 Nd4 52. Bc4 a5 53. Qd6+ Qxd6 54. cxd6 Kg7 55. Bd5 Kf8 56. Bxb7 a4 57. Bd5 a3 58. Ba2 Nb5 59. Kf2 Nc3 60. Bb3 a2 61. Bxa2 Nxa2 62.
Ke3 Nb4 63. Kd2 Nc6 64. Kc3 Nd4 65. Kc4 Nxf3 66. Kd5 Ke8 67. Ke6 h6 68. Kf5 Kd7 69. Kf6 Kxd6 70. Kg6 Nh2 71. Kxh6 Nxg4+ 72. Kxg5 Nf2 73.
Kf5 Nd3 74. Kg4 Nc5 75. Kf5 Nd7 76. Kg4 Ke6 77. Kg5 Nf6 78. Kg6 Nxe4 79. Kh5 Kf5 80. Kh4 Kf4 81. Kh3 Kf3 82. Kh4 Nd6 83. Kh5 e4 0-1

[Event "Early-Titled-Tuesday-Blitz-November-28-2023"]
[Site "Chess.com"]
[Date "2023.11.28"]
[Round "2"]
[White "LUISMIGUELOV"]
[Black "cthulhuuu"]
[Result "1/2-1/2"]
[WhiteElo "2207"]
[BlackElo "2466"]
[TimeControl "180+1"]
[EndTime "8:19:37 PST"]
[Termination "Game drawn - insufficient material"]

1. d4 Nf6 2. c3 g6 3. Bg5 Bg7 4. Nd2 d5 5. e3 O-O 6. Bd3 c5 7. Ngf3 Nc6 8. O-O Bg4 9. h3 Bxf3 10. Nxf3 cxd4 11. exd4 Qb6 12. Qe2 Rfe8 13. Rab1 Rac8 14. Rfe1 Na5 15. Ne5 Nc6 16. Qf3 Nxe5 17. dxe5 Nd7 18. Qxd5 Nxe5 19. Be4 e6 20. Qxb7 Qxb7 21. Bxb7 Rb8 22.
Be4 f5 23. Bc2 Nc4 24. Bb3 Rbc8 25. Bxc4 Rxc4 26. Re2 Kf7 27. Rd1 Rc6 28. Red2 h6 29. Be3 Re7 30. Rd7 a6 31. Rxe7+ Kxe7 32. Kf1 e5 33. g3 g5 34. Ke2 f4 35. gxf4 gxf4 36. Bc1 Rb6 37. f3 Rg6 38. Kf2 Bf6 39. Rg1 Bh4+ 40. Kf1 Rd6 41. Ke2 Bg3 42. Rd1 Rg6 43.
Rg1 a5 44. Bd2 a4 45. b3 axb3 46. axb3 Ra6 47. Rd1 Ke6 48. c4 Ra3 49. Rb1 Ra2 50.
Kd3 Kf5 51. b4 Ra3+ 52. Bc3 Bf2 53. b5 Bd4 54. Rc1 Rb3 55. Rc2 Rb1 56. Kd2 Be3+ 57.
Kd3 Rh1 58. Bd2 Rxh3 59. Bxe3 Rxf3 60. Re2 e4+ 61. Kd4 fxe3 62. b6 Rf2 63. Rxe3 Rd2+ 64. Kc5 Kf4 65. Rh3 e3 66. Rxh6 e2 67. Re6 Kf3 68. b7 Rb2 69. Rxe2 Kxe2 70. Kc6 Kd3 71.
c5 Kd4 72. Kc7 Kxc5 73. b8=Q Rxb8 74. Kxb8 1/2-1/2

[Event "Early-Titled-Tuesday-Blitz-November-28-2023"]
[Site "Chess.com"]
[Date "2023.11.28"]
[Round "2"]
[White "German_Bazeev"]
[Black "OneTrickPony_82"]
[Result "1-0"]
[WhiteElo "2793"]
[BlackElo "2386"]
[TimeControl "180+1"]
[EndTime "8:19:38 PST"]
[Termination "German_Bazeev won by resignation"]

1. d4 Nf6 2. Nf3 d5 3. c4 e6 4. Nc3 a6 5. cxd5 exd5 6. Bf4 Bd6 7. e3 O-O 8. Bd3 Bxf4 9. exf4 Bg4 10. Be2 Qd6 11. Ne5 Bxe2 12. Nxe2 c5 13. O-O Nc6 14. Nxc6 bxc6 15. dxc5 Qxc5 16. Rc1 Qb6 17. Qd4 Rab8 18. b3 Rfc8 19. Qxb6 Rxb6 20. Rc2 c5 21. Rfc1 Nd7 22.
Rd1 Rd6 23. Nc3 Nf6 24. Rcd2 Rcd8 25. f3 g6 26. Ne4 Nxe4 27. fxe4 d4 28. e5 Rd5 29. Kf2 f6 30. exf6 Kf7 31. Re1 Kxf6 32. g4 h5 33. h3 hxg4 34. hxg4 Rh8 35. Kg3 a5 36. Rde2 Rd7 37. Re6+ Kf7 38. Rc6 d3 39. Rd1 d2 40. Rxc5 Re8 41. Kf2 Re4 42. Rc4 Rxc4 43.
bxc4 Rd4 44. Ke3 Rxc4 45. Rxd2 Ra4 46. g5 Ke6 47. Kf3 Kf5 48. Rd5+ Ke6 49. Re5+ Kf7 50. Re2 Rb4 51. Kg4 Ra4 52. Rc2 Rb4 53. Rc7+ Kf8 54. Kf3 Ra4 55. Ke3 Rxa2 56. Ke4 Re2+ 57. Kd5 a4 58. Ra7 Rd2+ 59. Ke5 Rb2 60. Rxa4 Rb5+ 61. Ke4 Rb6 62. Rd4 Kf7 63. Ke5 Ra6 64. Rd7+ Kf8 65. Rd6 Ra4 66. Rxg6 Kf7 67. Rf6+ Kg7 68. Kf5 Ra5+ 69.
Kg4 Ra4 70. Rb6 Rc4 71. Rb7+ Kg6 72. Rd7 Rb4 73. Rd6+ Kg7 74. Rf6 Rc4 75. Kh5 Rc1 76.
Rg6+ Kh7 77. Rh6+ Kg7 78. Ra6 Rh1+ 79. Kg4 Rc1 80. f5 Rc4+ 81. Kh5 Rf4 82. f6+ Kg8 83.
g6 Rf5+ 84. Kh6 1-0

[Event "Early-Titled-Tuesday-Blitz-November-28-2023"]
[Site "Chess.com"]
[Date "2023.11.28"]
[Round "2"]
[White "mbachez"]
[Black "seopie"]
[Result "0-1"]
[WhiteElo "2568"]
[BlackElo "2869"]
[TimeControl "180+1"]
[EndTime "8:19:42 PST"]
[Termination "seopie won by resignation"]

1. e4 e5 2. Nf3 Nc6 3. Bb5 a6 4. Ba4 b5 5. Bb3 Na5 6. O-O d6 7. d4 exd4 8. Nxd4 Bb7 9. Bd2 Nxb3 10. Nxb3 Nf6 11. Re1 Be7 12. Nc3 Rb8 13. Qf3 O-O 14. a4 b4 15. Nd5 Nxd5 16. exd5 Bf6 17. Rab1 Ba8 18. Na5 c5 19. Nc4 Qd7 20. b3 Bd8 21.
Bf4 Bc7 22. Red1 Rfe8 23. Qg3 Rbd8 24. Rd2 Re4 25. h3 Bb7 26. Rbd1 a5 27. Bg5 Rde8 28. Bf6 g6 29. f3 Re2 30. Qf4 Qf5 31. Qxf5 gxf5 32.
Kf1 Rxd2 33. Rxd2 Ba6 34. Kf2 Bxc4 35. bxc4 Bd8 36. Bxd8 Rxd8 37. Re2 Kf8 38. Kg3 Rb8 39. Re3 Kg7 40. Kf4 Kf6 41. h4 h5 42. g3 Rb7 43. Rb3 Re7 44. c3 Re1 45. cxb4 axb4 46. g4 fxg4 47. fxg4 hxg4 48. Kxg4 Rc1 49. Rf3+ Kg7 50.
Rf4 b3 51. Rf2 Rxc4+ 52. Kg5 Rxa4 53. h5 Rb4 54. h6+ Kg8 55. Re2 b2 56. Re8+ Kh7 57. Re7 b1=Q 58. Rxf7+ Kh8 59. Rf8+ Kh7 60. Rf7+ Kg8 61.
Rg7+ Kf8 62. Kf6 Rf4+ 63. Ke6 Qf5+ 64. Kxd6 c4 65. Rc7 Qf6+ 66. Kc5 Qxh6 67. Kb5 Qd6 68. Rc8+ Ke7 69. Ra8 Qxd5+ 70. Kb6 Qxa8 71. Kc7 Qd8+ 72. Kb7 c3 73. Kc6 Rc4+ 74. Kb5 Qd5+ 75. Kb6 Rb4+ 76. Ka6 Qb5+ 0-1

[Event "Early-Titled-Tuesday-Blitz-November-28-2023"]
[Site "Chess.com"]
[Date "2023.11.28"]
[Round "2"]
[White "IamSchrodingersCat"]
[Black "Zhigalko_Sergei"]
[Result "0-1"]
[WhiteElo "2582"]
[BlackElo "2904"]
[TimeControl "180+1"]
[EndTime "8:19:44 PST"]
[Termination "Zhigalko_Sergei won by checkmate"]

1. e4 c5 2. Nf3 Nc6 3. d4 cxd4 4. Nxd4 Nf6 5. Nc3 e5 6. Ndb5 d6 7. Bg5 a6 8. Na3 b5 9. Bxf6 gxf6 10. Nd5 Bg7 11. Bd3 Ne7 12. Nxe7 Qxe7 13. c4 f5 14.
O-O O-O 15. Re1 fxe4 16. Bxe4 Rb8 17. Rc1 f5 18. Bd5+ Kh8 19. cxb5 axb5 20. Nc2 e4 21.
Nd4 Bd7 22. b4 Be5 23. g3 Qf6 24. Nc6 Bxc6 25. Rxc6 f4 26. Bxe4 fxg3 27. fxg3 Bxg3 28. hxg3 Qf2+ 29. Kh1 Rf6 30. Qc1 Qxg3 31. Rc8+ Rxc8 32.
Qxc8+ Kg7 33. Qd7+ Rf7 34. Qxf7+ Kxf7 35. Rf1+ Ke7 36. Bg2 Qh4+ 37. Kg1 Qxb4 38. Rd1 Qc5+ 39. Kh1 Qc4 40. Re1+ Kd8 41. Re4 Qxa2 42. Rh4 Qb1+ 43. Kh2 b4 44. Rd4 Ke7 45. Re4+ Kf6 46. Rf4+ Ke5 47. Rf3 b3 48. Re3+ Kd4 49. Re8 b2 50. Rd8 Qc1 51. Rxd6+ Ke3 52. Re6+ Kd4 53. Be4 b1=Q 54.
Bxb1 Qxb1 55. Rh6 Ke5 56. Rh5+ Kf6 57. Rh3 Qb2+ 58. Kg1 Qb1+ 59. Kg2 Qc2+ 60. Kg1 Kg5 61. Re3 Kf4 62. Rh3 Kg4 63. Rh2 Qd1+ 64. Kg2 Qe2+ 65.
Kg1 Qe1+ 66. Kg2 Qe4+ 67. Kg1 h5 68. Rf2 Qe3 69. Kg2 h4 70. Kg1 h3 71. Kf1 Qc1+ 72. Ke2 Qc2+ 73. Kf1 Qe4 74. Kg1 Qe3 75. Kh1 Kh4 76. Kg1 Qg5+ 77. Kh1 Kh5 78. Kh2 Qg4 79. Kh1 Kh4 80. Kh2 Qg3+ 81. Kh1 Qe3 82. Rf1 Qe4+ 83. Kg1 Qg2# 0-1

[Event "Early-Titled-Tuesday-Blitz-November-28-2023"]
[Site "Chess.com"]
[Date "2023.11.28"]
[Round "2"]
[White "Eagle_2019"]
[Black "KVAIDAN"]
[Result "1/2-1/2"]
[WhiteElo "2683"]
[BlackElo "2355"]
[TimeControl "180+1"]
[EndTime "8:19:46 PST"]
[Termination "Game drawn - insufficient material"]

1. d4 e6 2. Nf3 f5 3. g3 Nf6 4.
Bg2 Be7 5. O-O O-O 6. c4 d6 7.
Nc3 a5 8. Re1 Ne4 9. Qc2 Nxc3 10.
bxc3 Nc6 11. e4 e5 12. exf5 Bxf5 13. Qb3 exd4 14. Nxd4 Nxd4 15. cxd4 Bf6 16. Qxb7 c5 17. Qd5+ Kh8 18. Be3 Bg6 19. Qxa8 Qxa8 20. Bxa8 Rxa8 21.
Rad1 Bh5 22. dxc5 Bxd1 23. Rxd1 dxc5 24. Bxc5 Rc8 25. Rd5 a4 26. Kg2 Kg8 27. Kf3 Kf7 28. Ke2 Ke6 29. Kd3 Rb8 30. Rd6+ Ke5 31. Rb6 Rd8+ 32.
Ke2 Rc8 33. Rb5 Ke6 34. Ra5 h6 35. Kd3 Rd8+ 36. Kc2 Rc8 37. Ra6+ Kf5 38. Be3 Rxc4+ 39. Kd3 Rc3+ 40. Ke2 Ra3 41. Bc5 Rxa2+ 42. Kf3 Rc2 43. Ra5 Kg6 44. Bb4 Ra2 45. h4 Bd4 46. h5+ Kh7 47.
Be1 Bb6 48. Ra6 Bd4 49. Rd6 Be5 50. Rd5 Bf6 51. Bb4 Rb2 52. Bf8 Rb3+ 53. Kg2 a3 54. Ra5 Bb2 55. Ra7 Kg8 56. Bc5 Rd3 57. Kf1 Rc3 58.
Bb4 Rb3 59. Bc5 Rc3 60. Bd6 Rd3 61. Bb4 Rf3 62. Ke2 Rxf2+ 63. Kxf2 Bd4+ 64. Kf3 Bxa7 65. Bxa3 Bd4 66. Ke4 Bf2 67. g4 Kf7 68. Kf5 Bh4 69. Bb2 Bg5 70. Bc3 Bh4 71. Bd4 Bg5 72. Be5 Bh4 73. Bf4 Be1 74. Ke4 Bc3 75. Be3 Bf6 76.
Kf5 Be7 77. Bd4 Bd8 78. Be5 Be7 79. Bf4 Bf6 80. g5 hxg5 81. Bxg5 Bd4 82. Bf4 Bb2 83. h6 gxh6 84. Bxh6 1/2-1/2

[Event "Early-Titled-Tuesday-Blitz-November-28-2023"]
[Site "Chess.com"]
[Date "2023.11.28"]
[Round "2"]
[White "RobertoJBM"]
[Black "JuniorJumper"]
[Result "1/2-1/2"]
[WhiteElo "2827"]
[BlackElo "2554"]
[TimeControl "180+1"]
[EndTime "8:19:52 PST"]
[Termination "Game drawn by stalemate"]

1. d4 Nf6 2. Nf3 e6 3. e3 b6 4.
Bd3 Bb7 5. O-O Be7 6. Qe2 d5 7. c3 O-O 8. Nbd2 c5 9. e4 dxe4 10. Nxe4 Nbd7 11. Rd1 Nxe4 12. Bxe4 Bxe4 13. Qxe4 Nf6 14.
Qe2 Qc8 15. d5 Nxd5 16. Rxd5 exd5 17. Qxe7 Re8 18. Qg5 Qe6 19. Be3 h6 20. Qf4 Rad8 21.
h3 Qc6 22. Rd1 Qb5 23. Rd2 Re4 24. Qf5 Qd7 25. Qxe4 dxe4 26. Rxd7 Rxd7 27. Nd2 f5 28. g4 g6 29. Kg2 Kg7 30. gxf5 gxf5 31. f3 exf3+ 32. Kxf3 h5 33. h4 Kf6 34. Bg5+ Ke6 35.
Ke3 b5 36. Nb3 Rd5 37. Nd2 c4 38. Nf3 Rd3+ 39. Ke2 Kd5 40. Bd2 Ke4 41. Ng5+ Kd5 42. b3 a5 43. bxc4+ bxc4 44. a4 Rg3 45. Kf2 Rd3 46. Be1 Kc6 47. Ke2 Kd5 48. Nf3 Ke6 49.
Nd4+ Kd5 50. Nc2 Rh3 51. Ne3+ Ke4 52. Nxc4 f4 53. Nd2+ Kf5 54. Nf3 Kg4 55. Ne5+ Kf5 56. Nd3 Rh2+ 57. Bf2 Ke4 58. Nc5+ Kd5 59. Nb3 Ke4 60.
Nd2+ Kf5 61. c4 Rh3 62. Nf3 Kg4 63. Ne5+ Kf5 64. Nd3 Ke4 65. Nc5+ Kf5 66. Nb7 Ra3 67. Nxa5 Rxa4 68. Nb3 Rxc4 69. Nd2 Ra4 70. Kf3 Ra3+ 71.
Kg2 Kg4 72. Ne4 f3+ 73. Kg1 Ra1+ 74. Kh2 Ra2 75. Kg1 Kh3 76. Ng5+ Kg4 77. Nf7 Rxf2 78.
Kxf2 Kxh4 79. Kxf3 Kh3 80. Ng5+ Kh4 81. Ne4 Kh3 82.
Nf2+ Kh4 83. Kf4 1/2-1/2